 Dungeon Crawl Stone Soup version 0.31-a0-112-gdf0485fa37 (webtiles) character file.

Game seed: 11812007574654928894

266390 Pooter the Executioner (level 19, -13/183 HPs)
             Began as a Minotaur Berserker on May 27, 2023.
             Was a High Priest of Trog.
             Mangled by a naga warrior
             ... wielding a +0 flail
              (26 damage)
             ... on level 3 of the Snake Pit on May 29, 2023.
             The game lasted 04:01:34 (57404 turns).

Pooter the Executioner (Minotaur Berserker)        Turns: 57404, Time: 04:01:35

Health: -13/183    AC: 17    Str: 25    XL:     19   Next: 70%
Magic:  18/18      EV: 23    Int:  5    God:    Trog [*****.]
Gold:   2869       SH:  5    Dex: 16    Spells: 18/18 levels left

rFire   + . .        a - +10 battleaxe of Ylitsen {heavy, rElec rPois Int-5 Dex+2}
rCold   . . .        (shield currently unavailable)
rNeg    + . .        u - +5 ring mail of Spite {Harm rC- rN+ Int+4}
rPois   +            c - +2 hat {Will+}
rElec   +            k - scarf {rC+ rF+}
rCorr   .            C - +2 pair of gloves {Dex+3}
SInv    .            (no boots)
Will    ++++.        B - amulet of reflection
Stlth   ++++         S - ring of the Hare {EV+10}
HPRegen 1.50/turn    P - ring of poison resistance
MPRegen 0.16/turn

%: harm (+30% outgoing, +20% incoming), reflection
@: mighty, strong-willed, regenerating, constricted
A: horns 2, retaliatory headbutt, weak 1
}: 1/15 runes: decaying
a: Renounce Religion, Berserk, Trog's Hand, Brothers in Arms


You were on level 3 of the Snake Pit.
You worshipped Trog.
Trog was extremely pleased with you.
You visited 6 branches of the dungeon, and saw 32 of its levels.
You also visited: Bailey, Gauntlet and Ice Cave.

You collected 5045 gold pieces.
You spent 2176 gold pieces at shops.

Inventory:

Hand Weapons
 a - the +10 battleaxe of Ylitsen (weapon) {heavy, rElec rPois Int-5 Dex+2}
   (Trog gifted it to you on level 2 of the Orcish Mines)

   Int:       It affects your intelligence (-5).
   Dex:       It affects your dexterity (+2).
   rElec:     It insulates you from electricity.
   rPois:     It protects you from poison.
 b - a +0 arbalest of freezing
   (You found it on level 3 of the Elven Halls)
 T - the +9 battleaxe "Awumiacea" {heavy, Dex+4}
   (You took it off a deep elf annihilator on level 3 of the Elven Halls)

   Dex:       It affects your dexterity (+4).
Missiles
 v - 28 boomerangs (quivered)
 Y - 2 javelins
 Z - 7 curare-tipped darts
Armour
 c - a +2 hat of willpower (worn)
   (You found it on level 14 of the Dungeon)
 g - a +4 chain mail
   (You took it off an orc warrior on level 2 of the Orcish Mines)
 j - a +2 cloak of willpower
   (You took it off Crazy Yiuf on level 3 of the Dungeon)
 k - a scarf of resistance (worn)
   (You bought it in a shop on level 2 of the Orcish Mines)
 u - the +5 ring mail of Spite (worn) {Harm rC- rN+ Int+4}
   (You found it in a bailey)

   Int:       It affects your intelligence (+4).
   rC:        It makes you vulnerable to cold.
   rN:        It protects you from negative energy.
   Harm:      It increases damage dealt and taken.
 C - a +2 pair of gloves of dexterity (worn)
   (You found it in an ice cave)
 R - a scarf of harm
   (You found it on level 4 of the Lair of Beasts)
Jewellery
 B - an amulet of reflection (around neck)
   (You bought it in a shop on level 1 of the Elven Halls)
 F - a ring of protection from fire
   (You found it on level 6 of the Dungeon)
 G - an amulet of guardian spirit
   (You found it on level 7 of the Dungeon)
 I - a ring of protection from cold
   (You bought it in a shop on level 1 of the Orcish Mines)
 M - a ring of willpower
   (You took it off a kobold on level 8 of the Dungeon)
 N - a ring of positive energy
   (You found it in a Gauntlet)
 O - the ring of Icwufypo {rC++ AC+4 SInv}
   (You acquired it on level 10 of the Dungeon)

   [ring of protection]

   AC:        It affects your AC (+4).
   rC:        It greatly protects you from cold.
   SInv:      It lets you see invisible.
 P - a ring of poison resistance (right hand)
   (You took it off a deep elf zephyrmancer on level 2 of the Elven Halls)
 S - the ring of the Hare (left hand) {EV+10}
   (You found it in a bailey)

   [ring of evasion]

   EV:        It affects your evasion (+10).
 W - a ring of flight
   (You took it off a deep elf sorcerer on level 3 of the Elven Halls)
Wands
 d - a wand of iceblast (22)
   (You bought it in a shop on level 10 of the Dungeon)
 f - a wand of flame (37)
   (You took it off Robin on level 2 of the Dungeon)
 m - a wand of polymorph (25)
   (You found it on level 4 of the Dungeon)
 D - a wand of digging (8)
   (You found it on level 1 of the Swamp)
 L - a wand of light (15)
   (You found it on level 8 of the Dungeon)
 V - a wand of charming (32)
   (You found it on level 9 of the Dungeon)
Scrolls
 e - 9 scrolls of poison {!r}
 n - 2 scrolls of magic mapping
 o - 2 scrolls of silence
 q - a scroll of brand weapon
 s - 4 scrolls of noise {!r}
 t - 9 scrolls of teleportation {@r4}
 x - 3 scrolls of butterflies
 z - 5 scrolls of fog
 J - 2 scrolls of fear
 K - 3 scrolls of blinking
Potions
 h - 14 potions of heal wounds {@q2}
 i - 5 potions of mutation {!q}
 l - 7 potions of lignification {!q}
 p - 6 potions of attraction {!q}
 r - a potion of haste {@q3}
 y - 5 potions of cancellation
 A - 4 potions of curing {@q1}
 E - 3 potions of might
 H - a potion of resistance
 U - 3 potions of invisibility
 X - 5 potions of enlightenment
Miscellaneous
 w - a box of beasts
   (You found it on level 9 of the Dungeon)
 Q - a tin of tremorstones (inert)
   (You found it on level 2 of the Swamp)


   Skills:
 + Level 19.2 Fighting
 + Level 22.7 Axes
 - Level 18.0 Ranged Weapons
 + Level 5.4 Throwing
 - Level 8.1 Armour
 + Level 9.3 Dodging
 + Level 11.6 Stealth
 + Level 9.8 Evocations


You had 18 spell levels left.
You didn't know any spells.
Your spell library was empty.

Dungeon Overview and Level Annotations

Branches:
Dungeon (15/15)            Temple (0/1) D:5            Lair (5/5) D:10
  Swamp (4/4) Lair:2        Snake (3/4) Lair:2        Slime (0/5) Lair:5
    Orc (2/2) D:12            Elf (3/3) Orc:2        Vaults (0/5) D:14
 Depths (0/4) D:15         Bailey (visited)           IceCv (visited)
Gauntlet (visited)

Altars:
Elyvilon
Fedhas
Hepliaklqana
Kikubaaqudgha
Makhleb
Sif Muna
Uskayaw
Vehumet
Wu Jian
Yredelemnul
Jiyva

Shops:
D:1 ?   D:9 :   D:10 *   D:11 !   Orc:1 **:   Orc:2 ([[:   Elf:1 =::   Elf:2 [

Portals:
Trove: D:15 (give 8 potions of haste)

Annotations:
Elf:2 3 runed translucent doors


Innate Abilities, Weirdness & Mutations

You have a pair of horns on your head.
You reflexively headbutt those who attack you in melee.
You are weak. (Str -2)


Message History

The bolt of poison hits the naga.
Your iron troll goes berserk!
You block the anaconda's attack.
The naga warrior roars a battlecry!
A shock serpent comes into view.
The naga warrior barely misses you. The naga warrior constricts you.
The naga warrior completely misses you. The naga hits you with a +0 hand axe!!
* * * LOW HITPOINT WARNING * * *
The naga hits your iron troll with a +0 hand axe!
The naga spits poison at you. The splash of poison misses you.
The splash of poison hits the guardian serpent.
The anaconda misses you.
Unknown command.
You feel very mighty all of a sudden. The anaconda misses you.
You furiously retaliate!
You headbutt the anaconda!!
A naga comes into view. It is wielding a +0 short sword.
The naga warrior hits you with a +0 flail!!
* * * LOW HITPOINT WARNING * * *
The naga misses you.
The naga hits your iron troll but does no damage.
The naga completely misses you.
The naga warrior hits you with a +0 mace!
* * * LOW HITPOINT WARNING * * *
The naga warrior constricts you.
* * * LOW HITPOINT WARNING * * *
The guardian serpent misses you. You furiously retaliate!
You headbutt the guardian serpent!!
Your iron troll bites the naga!!
The naga dies!
Trog accepts your kill. The anaconda barely misses you.
Unknown command.
Blink to where?
Okay, then.
You carve the anaconda like a ham!!!
You kill the anaconda!
Trog accepts your kill.
You chop the naga warrior into pieces!!!
You slice the naga!!
You kill the naga!
Trog accepts your kill.
You barely miss the naga warrior.
You cut the guardian serpent into ribbons!!!
You kill the guardian serpent!
Trog accepts your kill.
Trog appreciates your killing of a magic user.
You hear a shout!
The naga warrior roars a battlecry!
The naga warrior hits you with a +0 flail!!
You die...

.#.........#
#.........#
##.####.#### .......
........# ....N..
##.####.### ...N...
#...# ....... #
#.#.########..N....
...#.......T).#N.....(
.......##....)@N.......
.......##....N#N.......
.......##.....#........
..............#........
.......##.S...#........
.....?........##.......
###...........# .......
#...........# .......
#.......##### .......


You could see 4 naga warriors, a shock serpent, a naga mage (fast, strong), 2
nagas and a friendly iron troll (summoned, berserk).

Vanquished Creatures
  A tentacled monstrosity (Swamp:4)
  4 deep elf blademasters (Elf:3)
  Asterion (Elf:3)
  4 deep elf master archers (Elf:3)
  2 thorn hunters (Swamp:4)
  A storm dragon (D:14)
  5 fenstrider witches (Swamp:4)
  7 deep elf sorcerers
  The ghost of Jesminib the Brawler, a journeyman HOTm of Beogh (Lair:5)
  2 very ugly things (IceCv)
  An ironbound preserver (D:14)
  5 deep elf elementalists (Elf:3)
  5 ghouls (Swamp:4)
  A deep elf demonologist (Elf:3)
  The ghost of PerfectTommy the Severer, a journeyman MiFi of Okawaru (Orc:2)
  2 eleionomae (Swamp:1)
  A minotaur (Gauntlet)
  8 deep elf annihilators
  4 bunyips
  6 deep elf death magi
  A fire dragon (Lair:5)
  A shambling mangrove (Swamp:4)
  2 blizzard demons (Swamp:4)
  4 deep elf high priests
  2 ice dragons (D:15)
  Harold (Lair:2)
  11 hydras
  3 boulder beetles
  An ogre mage (Swamp:4)
  2 two-headed ogres
  A ghost crab (Swamp:2)
  A catoblepas (D:14)
  A spriggan air mage (Swamp:4)
  4 anacondas
  A death knight (D:14)
  22 dancing weapons
  5 centaur warriors
  9 alligators
  7 death yaks
  2 naga warriors (Snake:2)
  A vampire mage (Swamp:3)
  8 orc high priests
  A large abomination (Elf:1)
  A soul eater (Swamp:4)
  2 naga sharpshooters
  13 deep elf knights
  6 spriggans
  4 goliath frogs
  A skyshark (Lair:5)
  9 skeletal warriors
  A death drake (shapeshifter) (Elf:3)
  2 sixfirhies (Swamp:4)
  Lodul (D:13)
  4 bog bodies
  9 spriggan druids
  3 wizards
  An orange crystal statue (IceCv)
  2 swamp dragons
  5 naga ritualists
  14 deep elf archers
  4 orc knights
  2 necromancers (Elf:1)
  33 deep elf zephyrmancers
  15 ugly things
  20 deep elf pyromancers
  8 mana vipers
  6 orc sorcerers
  5 will-o-the-wisps
  A salamander (shapeshifter) (D:14)
  5 cyclopes
  3 salamanders
  12 elephants
  4 manticores
  2 ice statues (Lair:5)
  A guardian serpent (Snake:3)
  4 naga magi
  An orange demon (Swamp:4)
  26 black mambas
  A cane toad (shapeshifter) (Elf:3)
  Maggie (D:7)
  5 gargoyles
  11 cane toads
  2 unseen horrors
  A minotaur zombie (Gauntlet)
  3 freezing wraiths
  A kobold demonologist (D:8)
  An efreet (D:14)
  4 rime drakes
  A tengu conjurer (D:14)
  7 komodo dragons
  4 polar bears
  8 hornets
  A bloated husk (Swamp:4)
  8 trolls
  7 tyrant leeches
  4 hellwings (Swamp:4)
  3 meliai (D:13)
  A wolf spider simulacrum (D:14)
  21 blink frogs
  6 dream sheep (Lair:3)
  18 slime creatures
  A centaur simulacrum (D:14)
  A culicivora (shapeshifter) (D:14)
  2 dire elephant simulacra (IceCv)
  4 shadows
  49 yaks
  7 water elementals
  3 wraiths
  5 air elementals
  5 fire elementals
  2 vampires
  A neqoxec (Swamp:4)
  5 wyverns
  7 basilisks
  A chaos spawn (Swamp:4)
  6 steam dragons
  15 vampire mosquitoes
  11 nagas
  22 swamp worms
  A harpy simulacrum (IceCv)
  19 wargs
  2 acid dragons (Lair:5)
  21 water moccasins
  3 swamp drakes
  2 sky beasts (D:6)
  2 ettin simulacra (IceCv)
  A meliai simulacrum (D:14)
  16 ogres
  29 orc warriors
  An alligator simulacrum (IceCv)
  A black bear (shapeshifter) (D:14)
  4 boggarts (Lair:4)
  4 wolves
  7 centaurs
  3 phantoms
  3 elf zombies (Elf:1)
  10 kobold brigands
  The ghost of ZoeForever1 the Magician, an amateur DEAE (D:4)
  Blork the orc (D:5)
  2 necrophages (Swamp:4)
  10 bullfrogs
  2 gnoll sergeants (D:10)
  4 scorpions
  2 wyvern zombies (D:4)
  5 earth elementals
  A water moccasin zombie (D:4)
  4 wights (D:9)
  2 lindwurm simulacra (IceCv)
  8 vampire bats (Bailey)
  9 howler monkeys
  11 electric eels
  9 wolf zombies (Bailey)
  A crimson imp (D:8)
  6 lava snakes
  A quasit (D:8)
  9 hounds
  A centaur skeleton (D:4)
  6 jellies
  35 orc priests
  Crazy Yiuf (D:3)
  12 hell rats
  8 iguanas
  18 orc wizards
  Robin (D:2)
  5 adders
  22 gnolls
  8 shadow imps
  8 white imps (D:8)
  6 ufetubi
  4 dart slugs
  108 orcs
  5 bats
  7 endoplasms
  3 giant cockroaches
  22 goblins
  10 hobgoblins
  2 jackals (D:5)
  4 quokkas
  9 ball pythons
  2 frilled lizards (D:1)
  41 kobolds
  23 orc zombies (Bailey)
  5 rats
  A spectral weapon (Elf:3)
1243 creatures vanquished.

Vanquished Creatures (collateral kills)
  A deep elf elementalist (Elf:3)
  A deep elf annihilator (Elf:3)
  The ghost of Guh Rysug the Carver, a journeyman DsGl of Okawaru (D:15)
  A skeletal warrior (D:13)
  A hornet (D:15)
  A dream sheep (Lair:3)
  2 spriggans (D:15)
  A naga (Snake:3)
  A water moccasin (Lair:3)
  A black bear (D:15)
  A boggart (D:15)
12 creatures vanquished.

Vanquished Creatures (others)
  A bunyip (Swamp:3)
  Erolcha (D:13)
  2 deep elf knights (Elf:1)
  A troll (D:14)
  A bloated husk (Swamp:3)
  A swamp worm (Swamp:2)
  An orc wizard (D:3)
  16 foxfires
24 creatures vanquished.

Grand Total: 1279 creatures vanquished

Notes
Turn   | Place    | Note
-------+----------+-------------------------------------------
     0 | D:1      | Pooter the Minotaur Berserker began the quest for the Orb.
     0 | D:1      | Reached XP level 1. HP: 19/19 MP: 0/0
   253 | D:1      | Reached skill level 1 in Ranged Weapons
   279 | D:1      | Reached XP level 2. HP: 27/27 MP: 1/1
   408 | D:1      | Reached skill level 4 in Axes
   464 | D:1      | Found Jomint's Magic Scroll Boutique.
   474 | D:1      | Bought a scroll of identify for 26 gold pieces
  1002 | D:2      | Reached ** piety under Trog
  1286 | D:1      | Bought a scroll of identify for 26 gold pieces
  1286 | D:1      | Bought a scroll of poison for 52 gold pieces
  1382 | D:2      | Reached XP level 3. HP: 33/33 MP: 2/2
  1401 | D:2      | Noticed Robin
  1420 | D:2      | Killed Robin
  1622 | D:2      | Found a faded altar of an unknown god.
  2271 | D:3      | Reached XP level 4. HP: 40/40 MP: 3/3
  2373 | D:3      | Reached skill level 5 in Axes
  2376 | D:3      | Reached XP level 5. HP: 29/47 MP: 4/4
  2996 | D:3      | Found a runed translucent door.
  2997 | D:3      | Noticed Crazy Yiuf
  3145 | D:3      | Killed Crazy Yiuf
  3259 | D:4      | Reached XP level 6. HP: 55/55 MP: 5/5
  3841 | D:1      | Bought a scroll of brand weapon for 123 gold pieces
  3951 | D:4      | Reached skill level 6 in Axes
  3952 | D:4      | Reached skill level 5 in Fighting
  4467 | D:4      | Identified the +1 leather armour of the Serpent {Int+3}
  4939 | D:4      | Reached *** piety under Trog
  4950 | D:4      | Found a runed translucent gate.
  4950 | D:4      | Found a runed translucent gate.
  4951 | D:4      | Found a runed translucent gate.
  4955 | D:4      | Noticed ZoeForever1's ghost (amateur DEAE)
  5404 | D:5      | Entered Level 5 of the Dungeon
  5410 | D:5      | Found a staircase to the Ecumenical Temple.
  5436 | D:5      | Reached skill level 5 in Ranged Weapons
  5436 | D:5      | Reached XP level 7. HP: 48/61 MP: 6/6
  5481 | D:5      | Reached skill level 7 in Axes
  5655 | D:5      | Noticed Blork the orc
  5665 | D:5      | Killed Blork the orc
  6082 | D:6      | Reached XP level 8. HP: 59/70 MP: 7/7
  6186 | D:6      | Reached skill level 8 in Axes
  6765 | D:6      | Noticed a two-headed ogre
  6774 | D:6      | Killed a two-headed ogre
  6775 | D:6      | Reached skill level 9 in Axes
  6775 | D:6      | Reached XP level 9. HP: 49/79 MP: 8/8
  7016 | D:6      | Identified the +0 cloak of Qihor {Int+2 Dex+4}
  7055 | D:6      | Reached skill level 10 in Axes
  7162 | D:6      | Found a burning altar of Makhleb.
  8467 | D:7      | Noticed Maggie
  8480 | D:7      | Killed Maggie
  8598 | D:7      | Found a white marble altar of Elyvilon.
  8601 | D:7      | Found a hide-covered altar of Uskayaw.
  8622 | D:7      | Found a shimmering blue altar of Sif Muna.
  8627 | D:7      | Found a hazy altar of Hepliaklqana.
  8629 | D:7      | Found a blossoming altar of Fedhas.
  8648 | D:7      | Found an ornate altar of the Wu Jian Council.
  8970 | D:8      | Reached skill level 11 in Axes
  9195 | D:8      | Reached **** piety under Trog
  9196 | D:8      | Reached skill level 10 in Ranged Weapons
  9196 | D:8      | Reached XP level 10. HP: 89/90 MP: 9/9
  9347 | D:8      | Noticed Maurice
  9348 | D:8      | Maurice changed into Maurice the warg
  9348 | D:8      | Noticed Maurice
  9352 | D:8      | Killed Maurice the warg
  9705 | D:8      | Noticed a rust devil
  9888 | D:8      | Noticed a rust devil
  9890 | D:8      | Noticed a sixfirhy
 10072 | D:8      | Reached skill level 12 in Axes
 10940 | D:9      | Found an ancient bone altar of Kikubaaqudgha.
 11309 | D:9      | Found Wycevihu's Self-Improvement Boutique.
 11413 | D:10     | Entered Level 10 of the Dungeon
 11445 | D:10     | Found a flagged portal.
 11452 | Bailey   | Entered a bailey
 11694 | Bailey   | Reached skill level 1 in Evocations
 11713 | Bailey   | Reached skill level 13 in Axes
 11789 | Bailey   | Noticed a gargoyle
 11793 | Bailey   | Killed a gargoyle
 11863 | Bailey   | Reached XP level 11. HP: 99/99 MP: 8/10
 12002 | Bailey   | Identified the +5 ring mail of Spite {Harm rC- rN+ Int+4}
 12037 | Bailey   | Found the ring of the Hare {EV+10}
 12047 | Bailey   | Identified the +2 war axe of Wophisel {chaos, Will+ Stlth+}
 12348 | D:10     | Found a staircase to the Lair.
 12581 | D:10     | Found Tusaahe's General Store.
 12698 | D:10     | Reached skill level 10 in Fighting
 12747 | D:10     | Identified a scroll of acquirement
 12747 | D:10     | Acquired the ring of Icwufypo {rC++ AC+4 SInv}
 13215 | D:10     | Reached ***** piety under Trog
 13455 | D:11     | Found Nuheis's Distillery.
 13465 | D:11     | Bought a potion of enlightenment for 55 gold pieces
 13465 | D:11     | Bought 2 potions of might for 88 gold pieces
 13465 | D:11     | Bought a potion of curing for 33 gold pieces
 13556 | D:11     | Reached skill level 14 in Axes
 13958 | D:10     | Bought a wand of iceblast (4) for 124 gold pieces
 14018 | D:11     | Noticed Sonja
 14019 | D:11     | Sonja changed into Sonja the human
 14019 | D:11     | Noticed Sonja
 14020 | D:11     | Sonja the human changed into Sonja the tengu
 14020 | D:11     | Noticed Sonja
 14021 | D:11     | Sonja the tengu changed into Sonja the steam dragon
 14021 | D:11     | Noticed Sonja
 14031 | D:11     | Killed Sonja the steam dragon
 14118 | D:10     | Noticed a wizard
 14134 | D:10     | Killed a wizard
 14145 | Lair:1   | Entered Level 1 of the Lair of Beasts
 14148 | Lair:1   | Found a gate leading to a gauntlet.
 14175 | Gauntlet | Entered a Gauntlet
 14175 | Gauntlet | Found a transporter.
 14184 | Gauntlet | Noticed a wizard
 14188 | Gauntlet | Found a transporter.
 14230 | Gauntlet | Killed a wizard
 14362 | Gauntlet | Found a transporter.
 14365 | Gauntlet | Found a transporter.
 14365 | Gauntlet | Found a transporter.
 14375 | Gauntlet | Found a transporter.
 14381 | Gauntlet | Found a transporter.
 14393 | Gauntlet | Found a transporter.
 14397 | Gauntlet | Found a large runed translucent door.
 14398 | Gauntlet | Found a large runed translucent door.
 14399 | Gauntlet | Found a large runed translucent door.
 14399 | Gauntlet | Found a large runed translucent door.
 14399 | Gauntlet | Found a large runed translucent door.
 14400 | Gauntlet | Found a runed translucent door.
 14477 | Gauntlet | Found a transporter.
 14485 | Gauntlet | Found a large runed translucent door.
 14486 | Gauntlet | Found a large runed translucent door.
 14497 | Gauntlet | Found a runed translucent door.
 14497 | Gauntlet | Found a large runed translucent door.
 14497 | Gauntlet | Found a large runed translucent door.
 14498 | Gauntlet | Found a large runed translucent door.
 14499 | Gauntlet | Found a large runed translucent door.
 14499 | Gauntlet | Found a large runed translucent door.
 14500 | Gauntlet | Found a large runed translucent door.
 14500 | Gauntlet | Found a large runed translucent door.
 14500 | Gauntlet | Found a large runed translucent door.
 14500 | Gauntlet | Found a large runed translucent door.
 14505 | Gauntlet | Found a transporter.
 14513 | Gauntlet | Found a transporter.
 14528 | Gauntlet | Identified the ring "Oha Terph" {rC- Will+ MP+9 Int+3}
 14531 | Gauntlet | Found a transporter.
 14541 | Gauntlet | Noticed a minotaur
 14548 | Gauntlet | Killed a minotaur
 14550 | Gauntlet | Reached XP level 12. HP: 49/108 MP: 2/11
 14851 | Gauntlet | Found a transporter.
 15217 | Lair:1   | Reached skill level 15 in Axes
 15844 | Lair:2   | Found a staircase to the Snake Pit.
 16731 | Lair:2   | Noticed Harold
 16733 | Lair:2   | Noticed a death yak
 16733 | Lair:2   | Noticed a death yak
 16735 | Lair:2   | Noticed a death yak
 16735 | Lair:2   | Noticed a death yak
 16736 | Lair:2   | Killed Harold
 16737 | Lair:2   | Reached skill level 5 in Evocations
 16754 | Lair:1   | Killed a death yak
 16862 | Lair:1   | Killed a death yak
 16863 | Lair:1   | Killed a death yak
 16864 | Lair:1   | Reached skill level 16 in Axes
 16920 | Lair:1   | Killed a death yak
 17036 | Lair:2   | Found a staircase to the Swamp.
 17133 | Lair:2   | HP: 5/112 [poison (poison gas)]
 17796 | Lair:3   | Reached XP level 13. HP: 117/117 MP: 12/12
 18049 | Lair:3   | Reached skill level 15 in Ranged Weapons
 18501 | Lair:3   | Identified the +11 flail "Noreish" {elec, *Noise rElec rF++
                  | Will-}
 18666 | Lair:3   | Reached skill level 17 in Axes
 21891 | Lair:5   | Entered Level 5 of the Lair of Beasts
 21983 | Lair:5   | Noticed Jesminib's ghost (journeyman HOTm)
 21990 | Lair:5   | Found a transporter.
 22046 | Lair:5   | Found a viscous altar of Jiyva.
 22049 | Lair:5   | Found a staircase to the Slime Pits.
 22294 | Lair:5   | Reached XP level 14. HP: 129/129 MP: 13/13
 22727 | Lair:5   | Reached skill level 18 in Axes
 23179 | Lair:5   | Found a transporter.
 23407 | Lair:5   | Reached skill level 1 in Throwing
 23415 | Lair:5   | Reached skill level 1 in Stealth
 23523 | Lair:5   | Received a gift from Trog
 24043 | Lair:5   | Upgraded the game from 0.31-a0-108-gdf935468f2 to
                  | 0.31-a0-112-gdf0485fa37
 24350 | D:12     | Found a staircase to the Orcish Mines.
 24894 | D:11     | Bought a potion of invisibility for 88 gold pieces
 24894 | D:11     | Bought a potion of invisibility for 88 gold pieces
 25151 | D:1      | Bought a scroll of poison for 52 gold pieces
 25151 | D:1      | Bought a scroll of silence for 123 gold pieces
 25446 | Orc:1    | Entered Level 1 of the Orcish Mines
 25958 | Orc:1    | Found Cerradiq's General Store.
 25962 | Orc:1    | Bought a potion of mutation for 96 gold pieces
 25962 | Orc:1    | Bought a potion of haste for 120 gold pieces
 25978 | Orc:1    | Found Bir Xes's Assorted Antiques.
 25991 | Orc:1    | Bought a shiny jade ring for 155 gold pieces
 26089 | Orc:2    | Entered Level 2 of the Orcish Mines
 27124 | Orc:2    | Found a transporter.
 27252 | Orc:2    | Noticed PerfectTommy's ghost (journeyman MiFi)
 27253 | Orc:2    | Found a transporter.
 29552 | Orc:1    | Found Acket's Book Boutique.
 30642 | Orc:2    | Found Durphest's Armour Shop.
 30642 | Orc:2    | Found Jefunoeff's Weapon Emporium.
 30681 | Orc:2    | Identified the +10 battleaxe of Ylitsen {heavy, rElec rPois
                  | Int-5 Dex+2} (Trog gifted it to you on level 2 of the
                  | Orcish Mines)
 30681 | Orc:2    | Received a gift from Trog
 30822 | Orc:1    | Reached skill level 5 in Dodging
 31736 | Orc:2    | Found Cuqammuw's Book Shop.
 31736 | Orc:2    | Found Awent's Armour Emporium.
 31752 | Orc:2    | Bought a scarf of resistance for 384 gold pieces
 31871 | Orc:2    | Found a staircase to the Elven Halls.
 32199 | D:13     | Noticed Lodul
 32204 | D:13     | Killed Lodul
 32723 | D:13     | Noticed Erolcha
 32728 | D:13     | Killed Erolcha
 32913 | D:14     | Reached XP level 15. HP: 138/138 MP: 14/14
 32944 | D:14     | Found a frozen archway.
 32967 | IceCv    | Entered an ice cave
 33152 | IceCv    | Found a transporter.
 33172 | IceCv    | Found a transporter.
 33994 | D:14     | Reached skill level 5 in Stealth
 34154 | D:14     | Found a gate to the Vaults.
 34446 | D:14     | Noticed a storm dragon
 34468 | D:14     | Killed a storm dragon
 34616 | D:14     | Found a basalt altar of Yredelemnul.
 34976 | D:15     | Entered Level 15 of the Dungeon
 34988 | D:14     | Reached skill level 5 in Armour
 35056 | D:15     | Reached skill level 19 in Axes
 35304 | Orc:1    | Bought a potion of curing for 93 gold pieces
 35421 | D:15     | Reached skill level 15 in Fighting
 35439 | D:15     | Found a portal to a secret trove of treasure.
 35570 | D:15     | Found a staircase to the Depths.
 35627 | D:15     | Found a runed translucent door.
 35629 | D:15     | Noticed Guh Rysug's ghost (journeyman DsGl)
 35630 | D:15     | Identified the +2 spear "Bos Dey" {freeze, Will+ rCorr}
 36071 | D:15     | Killed Guh Rysug's ghost
 36102 | D:15     | Reached XP level 16. HP: 149/149 MP: 15/15
 36379 | D:4      | Killed ZoeForever1's ghost
 36602 | Orc:2    | Killed PerfectTommy's ghost
 36909 | Lair:5   | Killed Jesminib's ghost
 36909 | Lair:5   | Received a gift from Trog
 36919 | Lair:5   | Reached XP level 17. HP: 156/156 MP: 16/16
 36983 | Lair:5   | Identified the +7 falchion of the Apocalypse {flame, rC+
                  | Int+3}
 37177 | Elf:1    | Entered Level 1 of the Elven Halls
 37304 | Elf:1    | Reached skill level 20 in Axes
 37350 | Elf:1    | Found a radiant altar of Vehumet.
 37522 | Elf:1    | Found Zisuadua's Book Emporium.
 37525 | Elf:1    | Found Qetagg's Jewellery Shop.
 37526 | Elf:1    | Found Qexam's Book Emporium.
 37764 | Elf:1    | Received a gift from Trog
 37777 | Elf:1    | Paralysed by an air elemental for 1 turns
 37845 | Elf:1    | Paralysed by an air elemental for 1 turns
 38129 | Elf:1    | Paralysed by an air elemental for 1 turns
 38625 | Elf:2    | Reached skill level 21 in Axes
 38898 | Elf:2    | Received a gift from Trog
 39158 | Elf:2    | Found Arphymmyu's Armour Shoppe.
 39255 | Elf:2    | Found a runed translucent gate.
 39258 | Elf:2    | Found a runed translucent gate.
 39258 | Elf:2    | Found a runed translucent gate.
 39521 | Elf:2    | Noticed a deep elf blademaster
 39824 | Elf:3    | Entered Level 3 of the Elven Halls
 40271 | Elf:3    | Received a gift from Trog
 40358 | Elf:3    | Noticed Asterion
 40363 | Elf:3    | Reached XP level 18. HP: 168/168 MP: 17/17
 40363 | Elf:3    | Killed Asterion
 40404 | Elf:3    | Identified the +7 chain mail of Sanoixu {Contam rElec rPois
                  | Str-4}
 40684 | Elf:3    | Reached skill level 22 in Axes
 41711 | Elf:3    | Identified the +9 battleaxe "Awumiacea" {heavy, Dex+4}
 41791 | Elf:3    | Identified the ring of Doubt {rC+ Will+ Str+6 Int-3 SInv}
 41796 | Elf:3    | Identified the ring of Seneh {Fire Will+ Str+5}
 42623 | Elf:3    | Reached skill level 10 in Stealth
 42971 | Elf:3    | Identified the ring "Cyluloz" {Drain rC+ rCorr Dex+3 SInv}
 43005 | Elf:3    | Noticed a Brimstone Fiend
 44262 | Swamp:1  | Entered Level 1 of the Swamp
 45813 | Swamp:2  | Identified the +4 hand axe of Anguish {spect, +Blink}
 47383 | Swamp:3  | Reached XP level 19. HP: 181/181 MP: 16/18
 47804 | Swamp:4  | Entered Level 4 of the Swamp
 50863 | Swamp:4  | Paralysed by a fenstrider witch for 5 turns
 54260 | Swamp:4  | Got a decaying rune of Zot
 54490 | Swamp:4  | Gained mutation: You are weak. (Str -2) [a neqoxec]
 54623 | Snake:1  | Entered Level 1 of the Snake Pit
 55123 | Snake:1  | Reached skill level 5 in Throwing
 56611 | Elf:1    | Bought an amulet of reflection for 450 gold pieces
 57404 | Snake:3  | Mangled by a naga warrior

Illustrated notes

Levels and vault maps discovered:
D:1:      dpeg_arrival_radiant, layout_loops_corners, serial_shops, shop
D:2:      layout_loops_corners, dreamdust_ecumenical_altar_angels_and_demons,
          minmay_stone_trees_medium, chequers_jeans, feat_on_display, uniq_robin
D:3:      layout_basic, uniq_crazy_yiuf_cottage
D:4:      layout_layer_cave, gammafunk_ghost_necromancy,
          chequers_serial_rivers_room_b
D:5:      layout_rooms, temple_pool_b, serial_park_tiny_2, uniq_blork_the_orc
D:6:      wad_river_or_something, layout_basic, lightli_temple_of_fire
D:7:      layout_rooms, nicolae_overflow_hallway_of_the_gods, uniq_maggie
D:8:      layout_basic, serial_demonic, serial_demonic_d, serial_demonic_e,
          serial_demonic_g, serial_demonic_e, serial_demonic_d,
          serial_demonic_b, special_room [special_room_kobold],
          minmay_fire_ice_demons, uniq_maurice
D:9:      layout_basic, kiku_gazebo_pond_becter, nicolae_shop_self_help
D:10:     cheibrodos_wizards_tower, layout_irregular_city, erik_lair_island,
          enter_bailey_3, nicolae_take_the_stairs
D:11:     layout_small_grid, serial_shops, shop, uniq_sonja
D:12:     layout_gridville, minmay_orc_entry_guard_dogs
D:13:     layout_roguey, uniq_erolcha, uniq_lodul
D:14:     layout_roguey [special_room_orc], skrybe_vaults_entry_preservation,
          yredelemnul_altar_generic, portal_ice_cave_entry_pillars_2,
          serial_bayou, serial_bayou_lagoon_a, serial_bayou_pond_b,
          serial_bayou_shore_a, serial_bayou_ford_a, serial_bayou_shore_b,
          serial_bayou_pond_b, kennysheep_four_rooms
D:15:     grunt_enter_depths_hoard, layout_cross, ebering_ghost_funeral_grove,
          serial_column_ruins, column_ruins_square_medium,
          column_ruins_columns_corner, column_ruins_columns_plus,
          column_ruins_open_tiny, column_ruins_open_tiny,
          nicolae_trove_entry_crossroad, roderic_roman_lattice,
          grunt_decor_junction, grunt_ministairs_12
Lair:1:   layout_regular_city, gauntlet_entry_generic,
          nicolae_lair_liquid_snakes
Lair:2:   layout_loops_ring, minmay_swamp_entry_worms,
          minmay_snake_entry_guardpost_small, pond, uniq_harold
Lair:3:   layout_hall_layers, grunt_forest_small_clearing_treed,
          lemuel_fruit_tree, grunt_megastairs_2, serial_bayou_shore_b
Lair:4:   layout_cave_pods, kilobyte_rumbling_trees
Lair:5:   guppyfry_lair_end_dragon, layout_hall_layers,
          nicolae_slime_entry_slimehenge, nzn_ghost_randoct
Swamp:1:  layout_basic_swamp, serial_swamp_ruin, evilmike_swamp_ruin_rubble_1,
          evilmike_swamp_ruin_house_3
Swamp:2:  layout_basic_swamp, nicolae_swamp_decorative_isthmus, swamp_pool1,
          infiniplex_staircase_pool
Swamp:3:  layout_basic_swamp, nicolae_swamp_dense_foliage, swamp_pool1,
          nicolae_swamp_round_clearing, cheibrodos_swamp_pet_leeches
Swamp:4:  nzn_swamp_witches_coven, layout_basic_swamp
Snake:1:  layout_misc_corridors
Snake:2:  layout_grid_maze
Snake:3:  nicolae_sea_snake_s, layout_basic
Orc:1:    layout_diamond_mine, serial_shops, nicolae_shop_back_alley_shop,
          nicolae_shop_overgrown_old_shop, shop, nicolae_orc_lost_temple
Orc:2:    st_orc_town, layout_diamond_mine, special_room, gammafunk_ghost_arena
Elf:1:    eino_elf_arrival_altar, layout_onion_city, minmay_elf_necromancy,
          grunt_ministairs_13, minmay_shop_grove
Elf:2:    nicolae_elf_blades_crystal_corner, layout_geoelf_grid, serial_shops,
          nicolae_shop_just_a_little_nook, chequers_big_river
Elf:3:    minmay_elf_hall_furrowed, layout_geoelf_grid,
          statue_in_the_mist_lemuel, grunt_megastairs_4, uniq_asterion

Skill      XL: |  1  2  3  4  5  6  7  8  9 10 11 12 13 14 15 16 17 18 19 |
---------------+----------------------------------------------------------+-----
Ranged Weapons | 1 2 3 4 5 6 8 10 11 13 14 16 18 | 18.0
Axes           | 4 5 6 7 9 11 13 14 16 17 18 19 21 22 | 22.7
Fighting       | 4 5 6 7 8 9 10 11 13 14 15 16 18 19 | 19.2
Evocations     | 1 3 5 6 8 9 |  9.8
Throwing       | 4 5 |  5.4
Stealth        | 4 6 8 11 | 11.6
Dodging        | 5 8 9 |  9.3
Armour         | 6 7 8 |  8.1

Action                     |  1- 3 |  4- 6 |  7- 9 | 10-12 | 13-15 | 16-18 | 19-21 || total
---------------------------+-------+-------+-------+-------+-------+-------+-------++-------
  Melee: Hand axe          |    77 |    18 |       |       |       |       |       ||    95
         Headbutt          |     6 |    18 |    42 |    71 |   122 |    68 |    25 ||   352
         Punch             |     1 |       |     4 |     3 |     3 |       |       ||    11
         War axe           |       |    87 |   182 |   139 |       |       |       ||   408
         Dire flail        |       |       |       |    34 |       |       |       ||    34
         Broad axe         |       |       |       |   183 |   378 |       |       ||   561
         Flail             |       |       |       |       |     5 |       |       ||     5
         Battleaxe         |       |       |       |       |   172 |   394 |   128 ||   694
   Fire: Sling             |    43 |    48 |    18 |       |       |       |       ||   109
         Shortbow          |       |       |    72 |   104 |       |       |       ||   176
         Orcbow            |       |       |       |    85 |   524 |   174 |       ||   783
         Arbalest          |       |       |       |       |       |   104 |   237 ||   341
  Throw: Throwing net      |       |     1 |       |       |       |       |       ||     1
         Boomerang         |       |       |     4 |       |    10 |    12 |     3 ||    29
         Dart              |       |       |       |       |    21 |       |       ||    21
         Javelin           |       |       |       |       |     2 |       |       ||     2
 Invoke: Berserk           |     2 |     4 |     7 |    13 |    11 |     4 |     2 ||    43
         Trog's Hand       |       |     4 |     7 |    16 |    19 |    27 |     7 ||    80
         Brothers in Arms  |       |       |       |       |     5 |       |     1 ||     6
  Evoke: Wand              |       |     1 |       |    15 |    22 |    11 |     3 ||    52
         Box of beasts     |       |       |       |       |       |     1 |       ||     1
         Tin of tremorston |       |       |       |       |       |       |     2 ||     2
    Use: Scroll            |     6 |     4 |     8 |    17 |    14 |     5 |     1 ||    55
         Potion            |       |       |       |     3 |     4 |     5 |     2 ||    14
   Stab: Held in net/web   |       |     1 |       |       |       |       |       ||     1
         Invisible         |       |       |       |     1 |     3 |       |       ||     4
         Sleeping          |       |       |       |       |       |    11 |     1 ||    12
         Distracted        |       |       |       |       |       |     1 |       ||     1
 Armour: Animal skin       |     8 |       |       |       |       |       |       ||     8
         Chain mail        |    35 |    62 |   107 |   115 |   150 |    24 |       ||   493
         Ring mail         |       |       |       |    79 |    73 |    99 |    37 ||   288
  Dodge: Dodged            |    55 |    68 |    70 |   388 |   667 |   467 |   209 ||  1924
  Block: Other             |       |       |       |       |       |       |    14 ||    14

Table legend: (Time is in decaauts)
 A = Elapsed time spent in this place.
 B = Non-inter-level travel time spent in this place.
 C = Inter-level travel time spent in this place.
 D = Time resting spent in this place.
 E = Time spent auto-exploring this place.
 F = Levels seen in this place.
 G = Mean time per level.
                   A        B        C        D        E       F      G
               +--------+--------+--------+--------+--------+-----+--------+
         Total |  58003 |  53784 |   4219 |  25086 |  20180 |  35 | 1657.2 |
       Dungeon |  19327 |  17060 |   2267 |   4184 |   9821 |  15 | 1288.5 |
          Lair |   9819 |   9269 |    550 |   4149 |   3736 |   5 | 1963.8 |
         Swamp |  10496 |  10261 |    235 |   7372 |   2005 |   4 | 2624.0 |
     Snake Pit |   2405 |   2276 |    129 |    880 |   1087 |   3 |  801.7 |
  Orcish Mines |   7019 |   6528 |    491 |   4816 |    965 |   2 | 3509.5 |
   Elven Halls |   7006 |   6462 |    544 |   2493 |   2264 |   3 | 2335.3 |
        Bailey |    703 |    703 |      0 |    269 |    269 |   1 |  703.0 |
      Ice Cave |    510 |    510 |      0 |    431 |      0 |   1 |  510.0 |
      Gauntlet |    714 |    714 |      0 |    488 |     30 |   1 |  714.0 |
               +--------+--------+--------+--------+--------+-----+--------+

Top non-repeatable levels by time:
 Swamp:4: 6167 daAuts
   Orc:2: 5643 daAuts
   Elf:3: 4013 daAuts
  Lair:3: 2474 daAuts
 Swamp:3: 2373 daAuts
  Lair:5: 2322 daAuts
     D:6: 2093 daAuts
  Lair:2: 1943 daAuts
     D:4: 1893 daAuts
    D:14: 1755 daAuts
  Lair:1: 1592 daAuts
   Elf:1: 1575 daAuts
    D:10: 1562 daAuts
     D:3: 1528 daAuts
  Lair:4: 1486 daAuts
